 Dungeon Crawl Stone Soup version 0.30.0-5-g1a98f26d00 (webtiles) character file.

Game seed: 4541501665200419528

2485 GigaChad the Cleaver (level 9, 0/69 HPs)
             Began as a Formicid Fighter on May 12, 2023.
             Was a Priest of Lugonu.
             Slain by an orc
             ... wielding a +0 spear
              (4 damage)
             ... in a bailey.
             The game lasted 00:07:26 (6000 turns).

GigaChad the Cleaver (Formicid Fighter)             Turns: 6000, Time: 00:07:27

Health: 0/69       AC: 12    Str: 30    XL:     9   Next: 81%
Magic:  11/11      EV:  8    Int:  9    God:    Lugonu [***...]
Gold:   349        SH:  6    Dex: 13    Spells: 8/8 levels left

rFire   . . .        a - +2 war axe (drain)
rCold   . . .        c - +1 buckler
rNeg    . . .        A - +0 plate armour
rPois   .            (helmet unavailable)
rElec   .            l - scarf {repulsion}
rCorr   .            (no gloves)
SInv    +            (no boots)
Will    .....        (no amulet)
Stlth   x              - +6 ring of strength
HPRegen 0.31/turn    (no ring)
MPRegen 0.12/turn

%: repel missiles
@: no status effects
A: permanent stasis, dig shafts and tunnels, antennae 3, four strong arms
a: Dig, Renounce Religion, Depart the Abyss, Banish


You were in a bailey.
You worshipped Lugonu.
Lugonu was most pleased with you.
You visited 2 branches of the dungeon, and saw 9 of its levels.
You also visited: Bailey.

You collected 349 gold pieces.

Inventory:

Hand Weapons
 a - a +2 war axe of draining (weapon)
 n - a +3 heavy flail
 t - a +0 hammer of protection
 u - a +2 quarterstaff of chaos
Armour
 b - a +0 scale mail
 c - a +1 buckler (worn)
 l - a scarf of repulsion (worn)
 p - a +0 chain mail
 v - a +0 cloak
 A - a +0 plate armour (worn)
Jewellery
 f - a ring of willpower
 x - a +6 ring of strength (left hand)
Wands
 z - a wand of digging (4)
Scrolls
 e - 10 scrolls of identify
 h - a scroll of fear
 k - a scroll of teleportation
 m - 2 scrolls of poison
 w - a scroll of magic mapping
Potions
 d - a potion of might
 g - a potion of brilliance {unknown}
 i - 2 potions of berserk rage
 j - 3 potions of heal wounds {unknown}
 o - a potion of resistance {unknown}
 q - 2 potions of curing {unknown}
 s - a potion of flight {unknown}


   Skills:
 * Level 6.3 Fighting
 * Level 9.1 Axes
 - Level 4.9 Armour
 * Level 3.0 Dodging
 - Level 1.0 Stealth
 - Level 5.7 Shields
 * Level 2.7 Unarmed Combat
 * Level 3.3 Invocations


You had 8 spell levels left.
You didn't know any spells.
Your spell library contained the following spells:

 Spells                   Type           Power      Damage    Failure   Level
 Necrotise                Necr           0%         1d4       99%         1
 Vampiric Draining        Necr           0%         2d6       100%        3
 Agony                    Necr           0%         N/A       100%        5
 Arcjolt                  Conj/Air       0%         1d10      100%        5
 Plasma Beam              Fire/Air       0%         2x1d11    100%        6
 Vhi's Electric Charge    Tloc/Air       Unusable   N/A       N/A         3

Dungeon Overview and Level Annotations

Branches:
Dungeon (8/15)             Temple (1/1) D:6          Bailey (1/1)
   Lair: D:8-11

Altars:
Ashenzari
Cheibriados
Dithmenos
Elyvilon
Fedhas
Gozag
Hepliaklqana
Kikubaaqudgha
Makhleb
Nemelex Xobeh
Okawaru
Qazlal
Ru
Sif Muna
Trog
Uskayaw
Vehumet
Wu Jian
Xom
Yredelemnul
Zin
Lugonu

Shops:
D:7 =

Annotations:
D:5 3 runed translucent doors, Valagong's ghost, novice MiFi


Innate Abilities, Weirdness & Mutations

You cannot be hasted, slowed, berserked, paralysed or teleported.
You can dig through walls and to a lower floor.
You have a pair of large antennae on your head. (SInv)
Your four strong arms can wield two-handed weapons with a shield.


Message History

You kill the orc!
Lugonu accepts your kill.
You hit the gnoll. You drain the gnoll. The orc barely misses you.
The gnoll hits you but does no damage.
You are electrocuted!
The gnoll closely misses you. The orc hits you but does no damage.
You block the orc's attack.
You closely miss the gnoll.
The gnoll is heavily wounded.
The orc closely misses you. The gnoll hits you but does no damage.
The gnoll hits you from afar with a +0 halberd of electrocution.
The orc hits you but does no damage. You block the orc's attack.
Unknown command.
You closely miss the gnoll.
The gnoll is heavily wounded.
The orc hits you but does no damage. The gnoll barely misses you.
The gnoll hits you but does no damage. The orc barely misses you.
The orc hits you but does no damage.
Unknown command.
You completely miss the gnoll.
The gnoll is heavily wounded.
The orc hits you but does no damage.
The gnoll hits you with a +2 halberd of electrocution!
You block the gnoll's attack. The orc barely misses you.
The orc hits you but does no damage.
Unknown command.
You hit the gnoll.
The gnoll is severely wounded.
You block the orc's attack. The gnoll barely misses you.
The gnoll hits you from afar with a +0 halberd of electrocution.
You are electrocuted!
The orc hits you but does no damage.
The orc hits you from afar with a +0 spear.
Unknown command.
The orc barely misses you.
The gnoll hits you with a +2 halberd of electrocution.
* * * LOW HITPOINT WARNING * * *
You are electrocuted!
* * * LOW HITPOINT WARNING * * *
The gnoll hits you but does no damage. The orc hits you but does no damage.
The orc hits you with a +0 spear.
You die...

**+**+**+***+**+**+**
*,***,***.#,***,***,*
*+* *** *###* ##* *#*
*,***,***,#.#*#.**#.*
**+**+**+**#'##'##'**
**,,,,,** *#!....#*
***,,,,,****#...g.###
*,+,,⌠,,+,*,+..ooo'.#
***,,,,,****#..g@.#**
**,,,,,** *#.g)..##
**+**+**+**#'##'##'##
*,***,***,'.**#.*##∩#
*** *** *#*** ##* ###


You could see 3 gnolls and 3 orcs.

Vanquished Creatures
  Edmund (D:4)
  A water moccasin (D:8)
  2 orc warriors
  2 ogres
  2 kobold brigands (D:8)
  4 bullfrogs (D:7)
  3 scorpions
  7 wights
  3 killer bees (D:8)
  A howler monkey (D:5)
  4 crimson imps (D:5)
  A jelly (D:7)
  4 hounds
  Crazy Yiuf (D:4)
  An orc priest (D:5)
  2 sleepcaps
  2 iguanas
  3 orc wizards
  10 adders
  5 gnolls
  2 white imps
  2 ufetubi
  2 worms (D:3)
  5 dart slugs
  17 orcs
  4 ball pythons
  4 endoplasms
  A giant cockroach (D:1)
  8 goblins
  8 hobgoblins
  17 kobolds
  5 quokkas
  2 bats
  3 frilled lizards
  3 rats
142 creatures vanquished.

Notes
Turn   | Place    | Note
-------+----------+-------------------------------------------
     0 | D:1      | GigaChad the Formicid Fighter began the quest for the Orb.
     0 | D:1      | Reached XP level 1. HP: 18/18 MP: 1/1
    52 | D:1      | Reached XP level 2. HP: 23/24 MP: 2/2
   191 | D:1      | Reached XP level 3. HP: 11/29 MP: 3/3
   355 | D:1      | Found a faded altar of an unknown god.
   472 | D:1      | Prayed at the altar of an unknown god.
   472 | D:1      | Became a worshipper of Lugonu the Unformed
   472 | D:1      | Reached * piety under Lugonu
  1027 | D:2      | You fall into a shaft and drop 1 floor!
  1095 | D:3      | Reached XP level 4. HP: 34/37 MP: 4/4
  1681 | D:4      | Noticed Edmund
  1701 | D:4      | Killed Edmund
  1702 | D:4      | Reached skill level 3 in Axes
  1702 | D:4      | Reached skill level 1 in Dodging
  1702 | D:4      | Reached skill level 1 in Stealth
  1702 | D:4      | Reached XP level 5. HP: 10/42 MP: 5/5
  1702 | D:4      | Reached XP level 6. HP: 12/48 MP: 6/6
  2026 | D:4      | Reached skill level 5 in Shields
  2061 | D:4      | Reached ** piety under Lugonu
  2070 | D:4      | Reached skill level 4 in Axes
  2269 | D:4      | Found a runed translucent door.
  2270 | D:4      | Noticed Crazy Yiuf
  2315 | D:4      | Reached XP level 7. HP: 54/54 MP: 7/7
  2356 | D:4      | Killed Crazy Yiuf
  2645 | D:5      | Entered Level 5 of the Dungeon
  2656 | D:5      | Reached skill level 5 in Axes
  2797 | D:5      | Found a runed translucent gate.
  2797 | D:5      | Noticed a two-headed ogre
  2797 | D:5      | Noticed Valagong's ghost (novice MiFi)
  2832 | D:5      | Found a runed translucent gate.
  2851 | D:5      | Found an ancient bone altar of Kikubaaqudgha.
  2868 | D:5      | Found a burning altar of Makhleb.
  2869 | D:5      | Noticed a balrug
  2953 | D:5      | Found a runed translucent gate.
  3012 | D:5      | Found a shimmering altar of Xom.
  3096 | D:5      | Reached XP level 8. HP: 61/61 MP: 8/8
  3110 | D:5      | Reached skill level 6 in Axes
  3110 | D:5      | Reached skill level 1 in Invocations
  3341 | D:5      | Reached skill level 1 in Unarmed Combat
  3550 | D:6      | Reached *** piety under Lugonu
  3613 | D:6      | Reached skill level 5 in Fighting
  4049 | D:6      | Reached skill level 7 in Axes
  4078 | D:6      | Found a staircase to the Ecumenical Temple.
  4102 | Temple   | Entered the Ecumenical Temple
  4755 | D:7      | Reached XP level 9. HP: 65/68 MP: 10/10
  4895 | D:7      | Found a broken altar of Ashenzari.
  4927 | D:7      | Found a blossoming altar of Fedhas.
  4929 | D:7      | Found a stormy altar of Qazlal.
  5051 | D:7      | Reached skill level 8 in Axes
  5084 | D:7      | Identified the +5 dagger of Severance {flame, rPois Dex+3}
  5205 | D:7      | Found Oriazanu's Jewellery Emporium.
  5763 | D:8      | Identified the +0 robe "Lauqoh" {Rampage Stlth+}
  5786 | D:8      | Reached skill level 9 in Axes
  5946 | D:8      | Found a flagged portal.
  5958 | Bailey   | Entered a bailey
  6000 | Bailey   | Slain by an orc

Illustrated notes

Levels and vault maps discovered:
D:1:      wander_arrival_desolate, layout_rooms, nicolae_ecumenical_lake_church,
          serial_bayou_pond_d
D:2:      layout_loops_cross, minmay_stone_trees_medium, corexii_shack
D:3:      layout_basic
D:4:      layout_basic, uniq_edmund, uniq_crazy_yiuf_cottage
D:5:      layout_cave_pools, led_xom_imps, kennysheep_mini_moat,
          makhleb_altar_promises_db, gammafunk_ghost_split,
          roderic_serpentine_path
D:6:      layout_loops_ring, minmay_temple_entry_drinking_statues
D:7:      layout_loops_ring, grunt_temple_overflow_forces_of_nature,
          nicolae_ashenzari_skybound, serial_shops, nicolae_shop_statue_plus,
          hangedman_glass_teeth, nzn_random_ring
D:8:      layout_basic, enter_bailey_5
Temple:   nicolae_temple_bog_church
Bailey:   bailey_polearm_nasty_gnolls, bailey

Skill      XL: |  1  2  3  4  5  6  7  8  9 |
---------------+----------------------------+-----
Fighting       | 4 5 6 |  6.3
Axes           | 3 4 5 7 9 |  9.1
Armour         | 4 |  4.9
Dodging        | 1 2 3 |  3.0
Stealth        | 1 |  1.0
Shields        | 5 |  5.7
Invocations    | 2 3 |  3.3
Unarmed Combat | 1 2 |  2.7

Action                     |  1- 3 |  4- 6 |  7- 9 || total
---------------------------+-------+-------+-------++-------
  Melee: War axe           |    63 |    94 |   266 ||   423
Ability: Dig               |       |     1 |       ||     1
    Use: Scroll            |     4 |     7 |     3 ||    14
 Armour: Scale mail        |    29 |    20 |       ||    49
         Chain mail        |       |    33 |    76 ||   109
         Plate armour      |       |       |    59 ||    59
  Dodge: Dodged            |    38 |    41 |   104 ||   183
         Repelled          |       |       |     5 ||     5
  Block: Buckler           |    22 |    34 |    91 ||   147
